 Dungeon Crawl Stone Soup version 0.17-a0-1056-g838d5c0 (webtiles) character file.

3712 namelastname112 the Carver (level 9, 0/123 HPs)
             Began as a Pale Draconian Berserker on May 16, 2015.
             Was a High Priest of Trog.
             Slain by namelastname112's ghost (13 damage)
             ... on level 8 of the Dungeon.
             The game lasted 00:12:35 (6861 turns).

namelastname112 the Carver (DrBe)                   Turns: 6861, Time: 00:12:35

Health: 0/123      AC:  8    Str: 28    XL:     9   Next: 91%
Magic:  9/9        EV: 14    Int:  8    God:    Trog [*****.]
Gold:   396        SH:  0    Dex: 13    Spells: 0 memorised, 8 levels left

rFire  + . .     SeeInvis +     E - +2 scimitar (freeze)
rCold  . . .     Clarity  +     (armour unavailable)
rNeg   . . .     SustAb   .     (no shield)
rPois  .         Gourm    .     (helmet restricted)
rElec  .         Spirit   .     (no cloak)
rCorr  .         Warding  .     (no gloves)
rMut   .         Stasis   .     (no boots)
MR     .....                    (no amulet)
Stlth  ..........               p - +3 ring of strength
                                n - ring of see invisible

@: berserking (expiring), heavily drained, very quick, not resistant to hostile
enchantments, extremely unstealthy
A: breathe steam, unfitting armour, clarity, fire resistance 1, shaggy fur 1,
cold-blooded, AC +7
a: Breathe Steam, Burn Spellbooks, Berserk, Trog's Hand, Brothers in Arms,
Renounce Religion


You were on level 8 of the Dungeon.
You worshipped Trog.
Trog was extremely pleased with you.
You were very hungry.

You visited 1 branch of the dungeon, and saw 8 of its levels.

You collected 396 gold pieces.

Inventory:

Hand weapons
 x - the +1 hand axe of Icodol {chop, rF+ rC+ SInv Stlth+}
   (You found it on level 4 of the Dungeon)

   It inflicts extra damage upon your enemies.
   It protects you from fire.
   It protects you from cold.
   It lets you see invisible.
   It makes you more stealthy.
 C - the +2 quarterstaff of Calona {elec, Str+6 Dex+2, unknown}
   (You took it off an orc wizard on level 6 of the Dungeon)

   Occasionally, upon striking a foe, it will discharge some electrical energy
   and cause terrible harm.
   It affects your strength (+6).
   It affects your dexterity (+2).
 E - a +2 scimitar of freezing (weapon)
Armour
 B - a cursed +0 buckler
 J - a +0 shield
Jewellery
 l - an uncursed amulet of resist mutation
 n - a ring of see invisible (left hand)
 p - a +3 ring of strength (right hand)
 I - an uncursed amulet of stasis
Magical devices
 f - a wand of slowing (40)
 g - a wand of fire (9)
 y - a wand of polymorph (15)
 z - a wand of confusion (17)
Scrolls
 a - a scroll of fear
 d - 3 scrolls of enchant armour
 e - 10 scrolls of identify
 k - 2 scrolls of teleportation
 q - 3 scrolls of remove curse
 r - 2 scrolls of enchant weapon {unknown}
 s - 2 scrolls of fog {unknown}
 v - 2 scrolls of blinking {unknown}
 w - a scroll of noise {unknown}
 A - 2 scrolls of amnesia {unknown}
 F - a scroll of summoning {unknown}
Potions
 h - 3 potions of degeneration
 i - 4 potions of agility
 j - a potion of poison
 m - 2 potions of curing
 u - 2 potions of flight
 D - a potion of might {unknown}
Comestibles
 b - 7 bread rations
 c - a beef jerky
 o - 3 meat rations
 t - a slice of pizza
 G - 4 fruits


   Skills:
 + Level 8.6(6.6) Fighting
 * Level 10.5(8.4) Long Blades
 + Level 7.0(5.1) Dodging


You had 8 spell levels left.
You didn't know any spells.

Dungeon Overview and Level Annotations

Branches:
Dungeon (8/15)             Temple (0/1) D:4
   Lair: D:8-11

Altars:
Ashenzari
Makhleb
Nemelex Xobeh
Qazlal
Trog
Vehumet
Xom

Annotations:
D:8 namelastname112's ghost, experienced DrBe


Innate Abilities, Weirdness & Mutations

You can breathe blasts of scalding, opaque steam.
Your pale cyan-grey scales are hard (AC +7).
Your body does not fit into most forms of armour.
You are cold-blooded and may be slowed by cold attacks.
You possess an exceptional clarity of mind.
Your flesh is heat resistant.
You are covered in fur (AC +1).


Message History

You miss namelastname112's ghost.
You tail-slap namelastname112's ghost, but do no damage.
Namelastname112's ghost is heavily damaged.
Namelastname112's ghost closely misses you.
You hit namelastname112's ghost. You freeze namelastname112's ghost.
Namelastname112's ghost is heavily damaged.
You closely miss namelastname112's ghost.
Your tail-slap misses namelastname112's ghost.
Namelastname112's ghost is heavily damaged.
Namelastname112's ghost breathes negative energy at you.
The bolt of negative energy hits you!
You feel drained.
* * * LOW HITPOINT WARNING * * *
You closely miss namelastname112's ghost.
Namelastname112's ghost is heavily damaged.
You have got your breath back.
You closely miss namelastname112's ghost.
Your tail-slap misses namelastname112's ghost.
Namelastname112's ghost is heavily damaged.
Namelastname112's ghost hits you!
You die...

.............#
#...###......#.....#
#...###......#.....#
#)...........#.....#
+)...........#.....#
#............#.....#
#............#.....#
#............#.....#
#............'.W@..#
##############.....#
# #######


You could see namelastname112's ghost.

Vanquished Creatures
  The ghost of RobertPalmer the Carver, an experienced NaCK of Xom (D:7)
  Sigmund (D:4)
  Eustachio (D:3)
  4 yaks (D:6)
  A hippogriff (D:7)
  A water moccasin (D:6)
  4 ogres
  An ice beast (D:6)
  A phantom (D:4)
  3 centaurs
  A gnoll sergeant (D:8)
  2 scorpions
  5 wights (D:7)
  4 hounds
  3 orc priests
  3 orc wizards
  2 crimson imps (D:6)
  An iguana (D:4)
  A jelly (D:6)
  Jessica (D:2)
  A giant frog skeleton (D:4)
  Natasha (D:3)
  5 worker ants
  A hound skeleton (D:5)
  A worker ant zombie (D:7)
  4 gnolls (D:8)
  10 adders
  A river rat (D:3)
  2 shadow imps
  An adder zombie (D:6)
  An ooze (D:2)
  3 worms
  23 orcs
  7 bats
  A bat skeleton (D:4)
  6 giant cockroaches
  15 goblins
  9 hobgoblins
  3 ball pythons
  6 giant geckos
  5 giant newts
  10 jackals
  11 kobolds
  4 quokkas
  11 rats
183 creatures vanquished.

Notes
Turn   | Place    | Note
--------------------------------------------------------------
     0 | D:1      | namelastname112 the Draconian Berserker began the quest for the Orb.
     0 | D:1      | Reached XP level 1. HP: 19/19 MP: 1/1
   135 | D:1      | Reached XP level 2. HP: 26/26 MP: 2/2
   673 | D:1      | Acquired Trog's second power
   915 | D:2      | Reached XP level 3. HP: 22/33 MP: 3/3
   930 | D:2      | Noticed Jessica
   940 | D:2      | Killed Jessica
   940 | D:2      | Reached skill level 4 in Fighting
  1063 | D:2      | Reached XP level 4. HP: 36/40 MP: 4/4
  1596 | D:3      | Found a radiant altar of Vehumet.
  1645 | D:3      | Noticed Natasha
  1692 | D:3      | Killed Natasha
  1692 | D:3      | Reached XP level 5. HP: 34/47 MP: 5/5
  2161 | D:4      | Noticed Eustachio
  2165 | D:4      | Noticed Sigmund
  2179 | D:3      | Killed Eustachio
  2179 | D:3      | Reached skill level 5 in Fighting
  2179 | D:3      | Reached skill level 5 in Long Blades
  2179 | D:3      | Reached XP level 6. HP: 28/56 MP: 6/6
  2346 | D:4      | Killed Sigmund
  2346 | D:4      | Reached skill level 6 in Long Blades
  2350 | D:4      | Your scales start taking on a pale cyan-grey colour.
  2350 | D:4      | Reached XP level 7. HP: 61/61 MP: 7/7
  2367 | D:4      | Got a crystal hand axe
  2369 | D:4      | Identified the cursed +1 hand axe of Icodol {chop, rF+ rC+ SInv Stlth+} (You found it on level 4 of the Dungeon)
  2411 | D:4      | Found a staircase to the Ecumenical Temple.
  2420 | D:4      | Acquired Trog's third power
  2500 | D:4      | Noticed an ogre
  2513 | D:4      | Killed an ogre
  2653 | D:4      | Gained mutation: You possess an exceptional clarity of mind. [potion of mutation]
  2653 | D:4      | Gained mutation: You are covered in fur (AC +1). [potion of mutation]
  2653 | D:4      | Gained mutation: Your flesh is heat resistant. [potion of mutation]
  2845 | D:4      | Noticed a phantom
  2873 | D:4      | Killed a phantom
  2873 | D:4      | Reached skill level 7 in Long Blades
  2974 | D:4      | Found a stormy altar of Qazlal.
  3052 | D:5      | Entered Level 5 of the Dungeon
  3214 | D:5      | Found a burning altar of Makhleb.
  3386 | D:5      | Reached XP level 8. HP: 51/70 MP: 8/8
  3526 | D:5      | Reached skill level 5 in Dodging
  4103 | D:6      | Reached skill level 8 in Long Blades
  4125 | D:6      | HP: 3/71 [centaur/shortbow (9)]
  4237 | D:6      | Found a shattered altar of Ashenzari.
  4635 | D:6      | Got a faintly glowing quarterstaff {elec}
  5137 | D:6      | Reached XP level 9. HP: 69/79 MP: 9/9
  5141 | D:6      | Reached skill level 9 in Long Blades
  5377 | D:6      | Found a sparkling altar of Nemelex Xobeh.
  5540 | D:7      | Noticed RobertPalmer's ghost (experienced NaCK)
  5554 | D:7      | Killed RobertPalmer's ghost
  5605 | D:7      | Reached skill level 10 in Long Blades
  6035 | D:7      | Found a bloodstained altar of Trog.
  6253 | D:7      | Found a shimmering altar of Xom.
  6673 | D:8      | Noticed namelastname112's ghost (experienced DrBe)
  6861 | D:8      | Slain by namelastname112's ghost

Vault maps used:
D:1:      eino_arrival_cavern_e, kennysheep_another_room
D:2:      first_bread, uniq_jessica
D:3:      nicolae_overflow_crystal_walls, uniq_natasha
D:4:      lemuel_doored_altar, uniq_sigmund, uniq_eustachio
D:5:      kennysheep_mini
D:6:      cheibrodos_ashenzari_chains, nemelex_altar_shiori
D:7:      lemuel_round_altar, bloody_trog
D:8:      nicolae_gozag_cash_rules_everything_around_me, uniq_grum

Action                   |  1- 3 |  4- 6 |  7- 9 || total
-------------------------+-------+-------+-------++-------
Melee: Falchion          |    32 |     8 |   305 ||   345
       Dagger            |    52 |   164 |       ||   216
       Hand axe          |       |       |     7 ||     7
       Scimitar          |       |       |    76 ||    76
Invok: Berserk           |       |     1 |     6 ||     7
 Abil: Breathe Steam     |       |       |     5 ||     5
  Use: Potion            |     2 |     2 |     5 ||     9
       Scroll            |       |       |     8 ||     8
 Stab: Sleeping          |       |       |     2 ||     2
  Eat: Chunk             |       |     5 |    19 ||    24
       Beef jerky        |       |       |     1 ||     1
